Map: Ever Dream LE

Players

liquidthermy (uThermal) - Winner!

  • Race: Terran Terran
  • Spawn Location: 1:00

BratOK (Brat_OK)

  • Race: Terran Terran
  • League: Grandmaster
  • Spawn Location: 7:00

Event: DreamHack SC2 Masters 2020 Summer Europe

VOD

Have the link to the VOD?

Description

Time

  • Played on: June 30, 2020, 1:40 p.m.
  • Length: 20:27

All games in this series

Show
View Real Time Build Order
Export as new Build Order

liquidthermy Terran - Winner!

Build Orders:  

Get SALT Encoding   

  12  0:01  SCV  
  13  0:13  SCV  
  14  0:17  Supply Depot  
  14  0:25  SCV  
  15  0:38  SCV  
  15  0:40  Barracks  
  16  0:44  Refinery  
  16  0:51  SCV  
  17  0:59  Barracks  
  17  1:03  SCV  
  18  1:15  SCV  
  19  1:27  Reaper  
  19  1:28  Orbital Command  
  20  1:33  Supply Depot  
  21  1:47  Reaper  
  21  1:54  SCV  
  22  2:03  Reaper  
  22  2:06  SCV  
  24  2:21  SCV, Command Center  
  26  2:24  Marine  
  26  2:33  Refinery  
  26  2:34  SCV  
  26  2:35  Marine  
  28  2:40  Factory  
  28  2:46  SCV  
  29  2:53  Supply Depot  
  29  2:55  Bunker  
  29  2:59  SCV  
  29  3:02  Barracks Reactor  
  29  3:04  Barracks Tech Lab  
  30  3:11  SCV  
  30  3:23  SCV  
  31  3:31  Cyclone  
  31  3:34  Orbital Command  
  34  3:35  SCV  
  35  3:41  Starport  
  35  3:47  SCV  
  36  3:49  Marine x3  
  36  3:54  Supply Depot  
  38  3:59  SCV  
  38  4:00  SCV  
  40  4:06  Cyclone  
  40  4:07  Marine  
  44  4:11  SCV  
  44  4:12  SCV  
  44  4:15  Refinery, Marine  
  47  4:23  SCV  
  48  4:24  SCV  
  48  4:29  Supply Depot  
  48  4:30  Marine  
  50  4:35  SCV  
  50  4:36  SCV  
  51  4:41  Raven  
  51  4:45  Supply Depot  
  53  4:48  SCV, Factory Tech Lab  
  53  4:51  SCV  
  55  4:53  Supply Depot  
  56  5:06  Barracks Tech Lab  
  56  5:09  SCV x2  
  54  5:18  Command Center  
  54  5:23  SCV x2  
  54  5:28  Siege Tank  
  59  5:29  Raven  
  61  5:36  Stimpack  
  61  5:37  Refinery, Marine  
  61  5:39  Marine  
  61  5:41  SCV x2  
  64  5:44  Marine  
  65  5:53  SCV  
  65  5:55  Marine  
  65  5:56  Marine  
  67  6:00  Engineering Bay x2  
  67  6:02  Marine, Siege Tank  
  72  6:05  SCV  
  72  6:08  SCV  
  74  6:13  Supply Depot  
  74  6:17  SCV, Marine  
  74  6:18  Marine  
  77  6:19  Barracks  
  77  6:21  Starport Reactor  
  77  6:22  SCV  
  78  6:26  Supply Depot  
  78  6:28  Terran Infantry Weapons Level 1  
  78  6:30  Marauder, Terran Infantry Armor Level 1  
  80  6:35  SCV, Marine x2  
  80  6:36  Siege Tank  
  80  6:39  SCV  
  87  6:50  SCV  
  87  6:51  Barracks  
  87  6:52  Marauder, Refinery, Barracks  
  90  6:54  Refinery  
  90  6:55  SCV  
  90  6:57  Marine x2  
  93  7:01  Medivac  
  93  7:02  SCV, Medivac  
  93  7:07  SCV, Combat Shield  
  93  7:08  Marine  
  99  7:14  SCV, Marauder  
  103  7:16  Supply Depot  
  103  7:20  Orbital Command  
  103  7:21  SCV  
  104  7:26  Marine  
  104  7:27  Concussive Shells, Supply Depot  
  104  7:28  SCV  
  106  7:34  Supply Depot, Medivac  
  106  7:36  SCV  
  109  7:39  Medivac  
  109  7:41  Barracks Tech Lab  
  109  7:42  Barracks Reactor  
  109  7:43  SCV  
  111  7:45  Marine  
  111  7:46  Marine  
  111  7:50  Armory  
  113  7:52  SCV x2  
  113  7:58  Marauder, Marine  
  118  8:02  Siege Tank  
  118  8:03  SCV  
  118  8:05  Supply Depot, Marine  
  122  8:06  SCV, Marine  
  122  8:09  Medivac  
  122  8:11  Medivac  
  129  8:13  Marine  
  129  8:14  SCV  
  129  8:17  Marine  
  129  8:19  Supply Depot  
  124  8:27  SCV x2  
  124  8:28  Marine  
  124  8:29  Marauder, Marine  
  124  8:31  Marauder  
  124  8:32  SCV  
  132  8:39  Medivac  
  132  8:41  Terran Infantry Weapons Level 2  
  134  8:43  Terran Infantry Armor Level 2  
  134  8:45  Marine  
  134  8:47  SCV  
  136  8:49  SCV x2  
  136  8:51  Marine x2  
  136  8:52  Supply Depot, Marine  
  136  8:55  Marine  
  141  8:56  Marauder  
  141  8:59  SCV  
  144  9:05  Marine  
  144  9:09  SCV  
  145  9:11  Command Center  
  137  9:18  Marine  
  137  9:19  Marauder  
  137  9:20  Medivac x2  
  137  9:21  Supply Depot  
  144  9:25  Marine  
  144  9:26  Marauder  
  144  9:31  Marauder, Marine  
  147  9:37  Supply Depot, Marine  
  149  9:40  Marauder  
  149  9:41  Marine  
  149  9:42  SCV  
  148  9:46  Marine  
  148  9:47  Marauder  
  148  9:50  Medivac  
  153  9:53  Marauder  
  153  9:54  Marine  
  153  9:58  Command Center  
  153  9:59  Medivac  
  158  10:01  Marauder, Marine  
  158  10:02  Marine  
  162  10:10  Marine  
  162  10:11  Marauder  
  160  10:15  SCV  
  160  10:18  Marauder, Marine  
  160  10:19  SCV x2, Marine  
  160  10:20  Medivac  
  169  10:23  Marauder  
  171  10:30  Medivac  
  171  10:32  Marauder  
  175  10:40  Marauder  
  175  10:41  Marine  
  178  10:44  Marauder, Marine  
  178  10:48  Marine  
  182  10:54  Marauder  
  182  10:55  Medivac, Marine  
  172  11:00  Terran Infantry Weapons Level 3, Terran Infantry Armor Level 3  
  172  11:01  SCV x2, Orbital Command, Marauder  
  172  11:02  SCV  
  177  11:05  Marauder  
  179  11:12  Supply Depot  
  179  11:13  SCV x2, Marine  
  179  11:15  Marauder  
  179  11:16  Medivac  
  186  11:23  Marine  
  186  11:24  Marauder  
  185  11:27  Medivac  
  156  11:46  Medivac, Marine  
  142  11:47  Marauder  
  142  11:50  Marauder, Marine x2  
  142  11:51  Marauder, Marine  
  142  11:53  Siege Tank  
  132  11:57  Medivac  
  132  11:59  Barracks x3  
  132  12:01  Planetary Fortress  
  134  12:04  Marine  
  134  12:08  Marauder, Marine  
  135  12:12  Marauder x2  
  125  12:16  Marine  
  125  12:18  Marine  
  125  12:21  SCV x4  
  125  12:22  Marine  
  131  12:25  Siege Tank  
  131  12:26  Marine  
  131  12:29  Liberator  
  140  12:30  Marauder, Liberator  
  140  12:33  SCV x4, Marauder  
  140  12:34  Marauder, Marine  
  152  12:44  Marine  
  152  12:45  SCV  
  152  12:47  Marine  
  152  12:48  Marine, Barracks Tech Lab x3  
  158  12:51  Marauder  
  158  12:52  Marine  
  158  12:55  Marauder x2  
  163  13:02  Marine  
  160  13:05  Marine x2  
  160  13:08  Marine  
  160  13:09  Marauder  
  167  13:13  Marauder  
  167  13:14  Liberator x2  
  167  13:16  Marauder x2  
  167  13:17  Marine  
  167  13:18  Marauder  
  178  13:22  Marine  
  178  13:23  Marine  
  178  13:25  Command Center  
  182  13:27  Marauder  
  182  13:29  Terran Vehicle And Ship Armor Level 1  
  182  13:30  Marauder  
  182  13:31  Marine  
  182  13:33  Starport  
  187  13:34  Marauder  
  187  13:35  Marine, Starport  
  187  13:37  Marauder  
  187  13:41  Sensor Tower  
  190  13:42  Sensor Tower  
  187  13:54  Marine  
  187  13:55  Marauder  
  184  13:58  Viking x2  
  184  14:01  Marine  
  184  14:02  Marauder  
  181  14:11  Viking x2  
  181  14:16  SCV  
  186  14:19  Starport  
  186  14:20  Starport  
  184  14:27  Marine  
  184  14:28  Marauder  
  179  14:31  Marine  
  179  14:32  Marauder  
  176  14:38  Viking x2  
  176  14:39  Marine x2  
  176  14:40  Planetary Fortress, Marauder x2  
  176  14:42  SCV, Command Center  
  176  14:43  Marauder, Marine  
  190  14:46  Siege Tank  
  190  14:47  Marine  
  190  14:49  Marauder  
  190  14:51  Fusion Core  
  190  14:52  Liberator  
  198  15:12  Marauder, Marine  
  186  15:19  Marauder, Marine  
  177  15:24  Terran Ship Weapons Level 1  
  177  15:25  Marauder, Marine  
  177  15:26  Marine x2  
  177  15:27  Marauder x2  
  170  15:29  Marine  
  170  15:34  Marauder  
  171  15:37  Marine  
  171  15:38  Medivac x2  
  171  15:41  Marauder  
  177  15:42  Marine  
  177  15:43  Advanced Ballistics  
  177  15:44  Marine  
  177  15:45  Marauder, Neosteel Armor  
  177  15:47  Marauder  
  177  15:48  Marauder, Marine  
  186  15:54  Viking  
  186  15:55  Marine x2  
  186  15:57  SCV, Refinery  
  191  15:58  Refinery  
  191  16:02  Orbital Command  
  191  16:05  Refinery  
  191  16:06  Command Center  
  191  16:08  Medivac, Marine  
  191  16:09  Marauder x2, Marine  
  191  16:11  Marine  
  200  16:24  Refinery  
  200  16:31  Starport Reactor x3  
  200  16:32  Starport Reactor  
  199  16:36  Missile Turret x2  
  199  16:37  Command Center  
  199  16:44  Missile Turret x2  
  199  16:53  Armory  
  199  16:59  Command Center  
  194  17:19  Viking x2  
  194  17:20  Viking x2, Marine  
  194  17:21  Marauder  
  192  17:31  Marine  
  192  17:32  Marauder  
  192  17:35  Viking, Marauder, Marine  
  187  17:39  Marine  
  187  17:40  Marauder, Marine  
  187  17:41  Marauder  
  187  17:43  Marauder, Marine  
  190  17:45  Viking  
  190  17:48  Liberator  
  190  17:49  Marine  
  194  17:52  Viking, Marine  
  194  17:53  Marauder  
  194  17:57  Marauder, Marine  
  194  18:08  Marine  
  194  18:09  Viking  
  169  18:13  Marine  
  169  18:14  Marauder, Marine  
  169  18:15  Medivac x2, Marauder, Marine  
  169  18:16  Marauder  
  169  18:19  Marauder, Marine  
  170  18:23  Medivac  
  170  18:25  Medivac  
  152  18:29  Marauder, Marine  
  152  18:30  Medivac  
  155  18:34  SCV x2, Marine  
  155  18:35  Medivac, Marauder  
  155  18:37  Medivac x2  
  155  18:39  Orbital Command  
  165  18:42  Medivac  
  165  18:43  Medivac  
  167  18:50  Viking  
  167  18:55  Marauder, Marine  
  167  18:56  Medivac x2  
  167  18:57  Marauder, Marine x2  
  167  18:58  Marauder  
  167  18:59  Marauder  
  167  19:01  Liberator  
  167  19:10  Marine  
  167  19:11  Marauder  
  134  19:18  Marauder, Marine  
  134  19:20  Marine x2  
  134  19:21  Medivac, Marauder x2  
  134  19:22  Marauder, Marine  
  143  19:26  Liberator x3  
  143  19:28  Marine  
  143  19:30  SCV x3  
  157  19:31  Orbital Command  
  157  19:32  Marauder  
  157  19:36  Marine  
  155  19:39  Marine x2  
  155  19:40  Marauder x2  
  155  19:41  Liberator  
  155  19:42  Marine  
  165  19:47  Marauder, Marine  
  165  19:48  Marauder  
  170  19:53  Marine  
  170  19:55  Marine  
  172  20:00  Marauder  
Show
View Real Time Build Order
Export as new Build Order

BratOK Terran 

Build Orders: 1/1/1, Mech, Banshee Rush 

Get SALT Encoding   

  12  0:00  SCV  
  13  0:12  SCV  
  14  0:17  Supply Depot  
  14  0:25  SCV  
  15  0:29  Refinery  
  15  0:38  SCV  
  16  0:44  Barracks  
  16  0:50  SCV  
  16  0:55  Refinery  
  17  1:02  SCV  
  18  1:15  SCV  
  19  1:31  Reaper, Orbital Command  
  20  1:35  Factory  
  20  1:43  Supply Depot  
  20  1:58  SCV  
  21  2:03  Reaper  
  22  2:15  SCV  
  23  2:21  Hellion  
  24  2:24  Starport  
  24  2:28  SCV  
  24  2:29  Supply Depot  
  26  2:41  SCV  
  26  2:42  Hellion  
  29  2:50  Barracks Tech Lab  
  28  2:54  SCV  
  31  3:05  Widow Mine  
  31  3:06  SCV  
  32  3:18  Banshee  
  32  3:19  Cloaking Field  
  33  3:25  Command Center  
  31  3:31  Hellion, Barracks Tech Lab  
  33  3:36  SCV  
  33  3:40  Supply Depot  
  34  3:48  SCV  
  35  4:02  Banshee  
  38  4:05  Siege Tank  
  38  4:07  SCV  
  42  4:19  SCV  
  44  4:31  SCV  
  44  4:32  Command Center  
  44  4:38  Orbital Command  
  44  4:44  Siege Tank  
  47  4:52  SCV  
  48  4:54  Refinery  
  48  5:04  SCV x2  
  48  5:05  Raven  
  52  5:09  Refinery  
  52  5:16  Barracks Reactor, SCV x2  
  54  5:27  Supply Depot  
  54  5:28  SCV  
  55  5:30  Supply Depot  
  55  5:35  SCV  
  56  5:40  SCV  
  57  5:47  SCV  
  52  5:50  Siege Tank  
  52  5:52  SCV, Orbital Command  
  56  5:59  SCV, Viking x2  
  61  6:04  SCV  
  61  6:06  Barracks Reactor  
  61  6:08  Factory  
  62  6:11  SCV  
  62  6:13  Factory  
  62  6:16  SCV  
  62  6:17  Refinery  
  62  6:18  SCV  
  65  6:23  SCV  
  65  6:24  Engineering Bay, Siege Tank  
  69  6:28  SCV  
  69  6:31  SCV, Viking  
  73  6:35  SCV  
  73  6:36  Supply Depot  
  73  6:37  Viking  
  76  6:41  SCV  
  76  6:43  SCV  
  78  6:47  SCV  
  78  6:53  SCV, Siege Tank  
  83  6:55  SCV  
  83  6:59  Supply Depot x2  
  83  7:00  SCV, Siege Tank  
  88  7:05  SCV  
  89  7:12  Viking  
  89  7:13  Viking  
  89  7:14  Hellion x2  
  97  7:17  Armory  
  97  7:19  Armory  
  97  7:20  SCV  
  98  7:23  Refinery  
  98  7:29  SCV x2  
  100  7:34  Missile Turret  
  100  7:36  Supply Depot x2  
  100  7:40  SCV  
  100  7:41  SCV  
  100  7:43  SCV  
  103  7:46  Viking x2  
  107  7:53  Missile Turret  
  107  7:55  Missile Turret  
  107  8:01  SCV x3  
  107  8:03  Supply Depot  
  110  8:06  Terran Vehicle Weapons Level 1, Terran Vehicle And Ship Armor Level 1  
  110  8:07  Hellion  
  110  8:11  Siege Tank  
  115  8:13  SCV x3  
  118  8:25  SCV x3  
  121  8:28  Liberator, Siege Tank  
  121  8:29  Liberator  
  121  8:34  Missile Turret x2  
  122  8:36  Missile Turret  
  122  8:37  SCV  
  122  8:38  Sensor Tower  
  122  8:41  Missile Turret  
  123  8:43  Missile Turret x2, Siege Tank  
  123  8:47  SCV x2, Missile Turret  
  128  8:51  Hellion x2  
  132  8:55  Factory  
  132  8:57  Factory  
  132  9:05  Siege Tank  
  133  9:12  Hellion x2  
  133  9:15  Siege Tank  
  140  9:23  Viking  
  140  9:25  Viking  
  139  9:33  Hellion  
  139  9:34  Supply Depot  
  139  9:37  Siege Tank  
  139  9:38  Supply Depot  
  137  9:39  Command Center  
  137  9:41  SCV  
  137  9:54  Missile Turret  
  137  9:56  Barracks Reactor  
  137  9:57  Hellion  
  137  9:58  SCV x2  
  141  10:05  Refinery  
  136  10:09  Siege Tank  
  136  10:10  Hellion  
  139  10:18  Factory  
  139  10:23  Infernal Pre-Igniter  
  139  10:25  Factory Tech Lab  
  139  10:31  Terran Vehicle Weapons Level 2, Terran Vehicle And Ship Armor Level 2  
  139  10:32  Missile Turret x2  
  139  10:33  Missile Turret  
  139  10:35  Hellion, Siege Tank  
  146  10:36  Hellion  
  146  10:39  SCV  
  146  10:42  Siege Tank  
  150  10:50  Siege Tank  
  156  10:57  Hellion x2  
  142  11:07  Siege Tank  
  145  11:14  Hellion  
  145  11:17  SCV  
  152  11:18  Hellion x2  
  152  11:30  Refinery  
  152  11:32  Missile Turret  
  148  11:34  Refinery, Siege Tank  
  148  11:35  Missile Turret, Siege Tank  
  148  11:39  Siege Tank  
  133  11:40  Hellion x2  
  133  11:41  SCV x2  
  130  11:48  Refinery  
  124  11:55  Viking  
  124  11:56  Mag-Field Accelerator  
  124  12:00  SCV  
  125  12:11  Hellion  
  125  12:13  Hellion, Siege Tank x2  
  125  12:14  SCV  
  114  12:19  SCV x2  
  116  12:27  Planetary Fortress  
  116  12:34  Hellion, Siege Tank  
  121  12:48  Hellion x2, Siege Tank  
  128  13:05  SCV  
  123  13:07  Cyclone x2  
  123  13:11  SCV  
  130  13:15  SCV x2  
  130  13:17  SCV  
  131  13:20  Cyclone  
  131  13:23  SCV  
  135  13:27  SCV x2, Hellion  
  135  13:29  SCV  
  135  13:33  Viking x2  
  142  13:34  Widow Mine  
  142  13:35  SCV  
  142  13:39  SCV x2  
  147  13:41  Missile Turret  
  147  13:49  Missile Turret  
  147  13:50  SCV, Missile Turret  
  147  13:53  SCV x3  
  148  13:58  Supply Depot  
  148  14:00  Supply Depot  
  148  14:02  Supply Depot  
  146  14:03  SCV  
  146  14:06  SCV  
  148  14:16  Orbital Command  
  146  14:19  Liberator x2  
  155  14:24  Hellion x2, Missile Turret x2, Siege Tank  
  155  14:30  Command Center  
  135  14:44  Siege Tank x2  
  135  14:45  Widow Mine x2  
  143  14:53  Missile Turret  
  143  14:54  Drilling Claws, Widow Mine  
  143  14:55  Missile Turret  
  143  14:56  Siege Tank  
  148  15:04  Viking x2, Sensor Tower  
  152  15:13  Widow Mine x3  
  143  15:15  Widow Mine  
  143  15:16  Siege Tank x2  
  138  15:28  Widow Mine  
  138  15:34  Viking x2  
  139  15:36  SCV x2  
  139  15:39  Missile Turret  
  138  15:43  Missile Turret  
  138  15:48  Siege Tank  
  141  15:50  Cyclone x2  
  147  15:57  SCV x2  
  147  15:58  SCV  
  147  16:03  Sensor Tower  
  136  16:04  Viking x2, Missile Turret  
  150  16:05  Missile Turret  
  152  16:12  SCV x2  
  152  16:16  Terran Ship Weapons Level 1, Terran Vehicle And Ship Armor Level 3  
  154  16:20  Planetary Fortress  
  154  16:24  Siege Tank  
  154  16:25  Widow Mine  
  157  16:34  Viking x2, SCV x2  
  163  16:42  Widow Mine x2, Siege Tank x2  
  163  16:45  SCV  
  174  16:50  Unknown  
  174  16:57  Neosteel Armor  
  174  17:04  Viking  
  174  17:05  Command Center  
  168  17:15  Viking  
  165  17:30  Cyclone  
  165  17:34  Viking  
  165  17:35  Hellion, Siege Tank  
  165  17:36  Hellion  
  147  17:45  Viking  
  131  17:56  Starport  
  125  18:03  Missile Turret  
  125  18:04  Viking, Cyclone x2  
  123  18:08  SCV x2  
  111  18:13  Orbital Command  
  111  18:14  SCV  
  111  18:15  Viking  
  111  18:16  Siege Tank  
  111  18:23  Hellion x2  
  102  18:34  Viking  
  103  18:36  Siege Tank  
  103  18:39  Siege Tank  
  103  18:40  Hellion  
  111  18:45  Viking  
  111  18:46  Hellion x2  
  117  18:48  Siege Tank  
  120  18:58  SCV x4  
  120  19:00  Planetary Fortress  
  122  19:04  Viking  
  122  19:08  Siege Tank  
  114  19:11  Hellion, Siege Tank  
  114  19:13  SCV  
  95  19:18  Hellion x2  
  95  19:20  Siege Tank  
  95  19:21  SCV  
  100  19:25  Unknown  
  100  19:29  Orbital Command  
  95  19:38  Hellion  
  95  19:40  Siege Tank  
  95  19:43  Hellion x3  
  95  19:44  Siege Tank  
  107  19:46  Refinery  
  105  19:53  Cyclone  
  105  19:56  SCV x2  
  112  20:00  Hellion  
  112  20:04  Hellion x2  
  116  20:10  SCV x2  
  116  20:11  SCV  
Tags
 
Add a new tag
Caveats
  • Supply blocks, unpowered buildings, or Contaminate may cause inaccurate times.
  • Supply counts are checked every 10 seconds.